[ AOE2 MATCH · #505759430 ]
UnrankedGeorgians vs Mapuche
Player's team · LOSS
Rival team · WIN
[ REPLAY ANALYSIS · EXTRACTED FROM THE RECORDED GAME ]
Feudal
10:34
Castle
22:01
Imperial
39:18
| APM avg | 73.5 |
| APM peak | 111 |
| eAPM avg | 31.3 |
| Villagers / military | 191 / 143 |
Focus
⚔️ 34.8% · 🌾 65.2%
Knight ×40 · Archer ×36 · Spearman ×23 · Monaspa ×20 · Skirmisher ×7 · Mangonel ×6
Feudal
8:53
Castle
21:05
Imperial
37:57
| APM avg | 66.6 |
| APM peak | 119 |
| eAPM avg | 41.6 |
| Villagers / military | 357 / 215 |
Focus
⚔️ 34.7% · 🌾 65.3%
Kona ×152 · Petard ×20 · Bolas Rider ×14 · Unknown (2550) ×12 · Mangonel ×10 · Monk ×8
Match map
Initial resources + every placement click. Lines = walls · curves = elevation contours. ◆ gold · ⬟ stone · ● berries · ✦ relic · ◌ wall gap
Your base· Open — opponent sealed themselves in
LE | WilliamS's base· ✓ Closed at 21:05 · 68t walls · no gate
Smoothed initial terrain · ◌ = detected wall gap · hover for details
Inputs per minute
— ARC.Lighty - - LE | WilliamS
Build order — ARC.Lighty
First 150 of 532 actions detected
| 0:01 | Create | Villager (Male) |
| 0:02 | Build | House |
| 0:03 | Build | House |
| 0:09 | Create | Villager (Male) |
| 0:10 | Create | Villager (Male) |
| 0:10 | Create | Villager (Male) |
| 0:10 | Create | Villager (Male) |
| 1:35 | Create | Villager (Male) |
| 2:00 | Create | Villager (Male) |
| 2:00 | Create | Villager (Male) |
| 2:18 | Create | Villager (Male) |
| 2:43 | Create | Villager (Male) |
| 2:43 | Create | Villager (Male) |
| 3:01 | Build | Barracks |
| 3:09 | Create | Villager (Male) |
| 3:24 | Create | Villager (Male) |
| 3:47 | Build | House |
| 3:53 | Create | Villager (Male) |
| 4:16 | Create | Militia |
| 4:19 | Build | House |
| 4:22 | Create | Villager (Male) |
| 4:38 | Create | Militia |
| 4:53 | Create | Villager (Male) |
| 4:57 | Build | Palisade Wall |
| 5:07 | Create | Militia |
| 5:29 | Create | Villager (Male) |
| 5:32 | Create | Villager (Male) |
| 6:09 | Create | Villager (Male) |
| 6:24 | Build | House |
| 6:32 | Create | Villager (Male) |
| 6:52 | Build | Mill |
| 6:54 | Create | Villager (Male) |
| 6:58 | Build | House |
| 7:33 | Create | Villager (Male) |
| 7:34 | Build | House |
| 7:37 | Research | Loom |
| 8:20 | Research | Feudal Age |
| 8:34 | Build | Mule Cart |
| 8:47 | Create | Villager (Male) |
| 9:11 | Build | Mule Cart |
| 9:37 | Build | Mule Cart |
| 10:34 | Age | Feudal Age |
| 10:37 | Build | Palisade Wall |
| 10:47 | Create | Villager (Male) |
| 10:48 | Build | Archery Range |
| 10:56 | Research | Man-at-Arms (upgrade) |
| 10:56 | Research | Man-at-Arms (upgrade) |
| 11:28 | Create | Villager (Male) |
| 11:33 | Build | Farm |
| 11:34 | Build | Farm |
| 11:36 | Build | Farm |
| 11:37 | Create | Skirmisher |
| 11:54 | Create | Villager (Male) |
| 12:01 | Build | Farm |
| 12:23 | Build | Palisade Gate |
| 12:26 | Build | Palisade Wall |
| 12:29 | Build | Farm |
| 12:29 | Create | Villager (Male) |
| 12:29 | Create | Villager (Male) |
| 12:32 | Build | Farm |
| 12:39 | Build | Palisade Wall |
| 12:58 | Create | Villager (Male) |
| 13:18 | Create | Villager (Male) |
| 13:29 | Create | Villager (Male) |
| 13:31 | Build | Farm |
| 13:34 | Build | Farm |
| 13:45 | Research | Double-Bit Axe |
| 13:45 | Research | Double-Bit Axe |
| 13:47 | Create | Skirmisher |
| 14:09 | Build | House |
| 14:10 | Build | Palisade Wall |
| 14:13 | Build | House |
| 14:13 | Create | Villager (Male) |
| 14:18 | Build | Farm |
| 14:20 | Build | Farm |
| 14:21 | Create | Skirmisher |
| 14:29 | Create | Militia |
| 14:32 | Create | Villager (Male) |
| 14:36 | Build | Blacksmith |
| 14:38 | Build | Palisade Wall |
| 14:40 | Build | Palisade Wall |
| 14:55 | Create | Villager (Male) |
| 15:07 | Build | Farm |
| 15:20 | Build | House |
| 15:20 | Create | Villager (Male) |
| 15:20 | Create | Skirmisher |
| 15:24 | Build | Farm |
| 15:52 | Create | Villager (Male) |
| 15:52 | Create | Skirmisher |
| 15:58 | Build | Farm |
| 15:59 | Research | Fletching |
| 16:00 | Research | Fletching |
| 16:10 | Create | Villager (Male) |
| 16:24 | Build | Farm |
| 16:25 | Build | Farm |
| 16:27 | Research | Horse Collar |
| 16:27 | Research | Horse Collar |
| 16:32 | Create | Skirmisher |
| 16:37 | Create | Villager (Male) |
| 16:53 | Create | Villager (Male) |
| 16:56 | Build | Farm |
| 16:57 | Build | Farm |
| 17:01 | Create | Skirmisher |
| 17:25 | Create | Villager (Male) |
| 17:27 | Build | Farm |
| 17:37 | Create | Villager (Male) |
| 17:40 | Build | Market |
| 18:18 | Create | Villager (Male) |
| 18:30 | Create | Villager (Male) |
| 19:21 | Research | Castle Age |
| 19:53 | Build | Archery Range |
| 20:02 | Create | Archer |
| 20:34 | Create | Archer |
| 20:37 | Research | Gold Mining |
| 20:37 | Research | Gold Mining |
| 20:51 | Create | Archer |
| 20:55 | Create | Archer |
| 21:02 | Build | Farm |
| 21:03 | Build | Farm |
| 21:12 | Create | Villager (Male) |
| 21:38 | Create | Archer |
| 21:38 | Create | Archer |
| 21:40 | Build | Farm |
| 22:01 | Age | Castle Age |
| 22:04 | Research | Crossbowman (upgrade) |
| 22:04 | Research | Bodkin Arrow |
| 22:05 | Research | Bow Saw |
| 22:05 | Research | Bow Saw |
| 22:06 | Research | Heavy Plow |
| 22:15 | Create | Villager (Male) |
| 22:28 | Create | Archer |
| 22:28 | Create | Archer |
| 22:39 | Create | Villager (Male) |
| 22:39 | Create | Archer |
| 22:53 | Create | Villager (Male) |
| 22:53 | Create | Archer |
| 23:00 | Build | House |
| 23:06 | Build | House |
| 23:09 | Create | Villager (Male) |
| 23:10 | Create | Archer |
| 23:34 | Build | University |
| 23:38 | Create | Villager (Male) |
| 23:38 | Create | Archer |
| 23:45 | Create | Villager (Male) |
| 23:45 | Create | Archer |
| 23:54 | Create | Villager (Male) |
| 23:55 | Create | Archer |
| 24:21 | Build | House |
| 24:26 | Build | House |
| 24:29 | Create | Archer |
Build order — LE | WilliamS
First 150 of 746 actions detected
| 0:01 | Create | Villager (Male) |
| 0:01 | Create | Villager (Male) |
| 0:02 | Build | House |
| 0:02 | Build | House |
| 0:04 | Create | Villager (Male) |
| 0:10 | Create | Villager (Male) |
| 0:10 | Create | Villager (Male) |
| 1:27 | Create | Villager (Male) |
| 1:28 | Create | Villager (Male) |
| 1:59 | Build | Settlement |
| 2:04 | Create | Villager (Male) |
| 2:05 | Create | Villager (Male) |
| 2:13 | Create | Villager (Male) |
| 2:14 | Create | Villager (Male) |
| 2:37 | Create | Villager (Male) |
| 3:08 | Create | Villager (Male) |
| 3:08 | Create | Villager (Male) |
| 3:32 | Create | Villager (Male) |
| 3:39 | Create | Villager (Male) |
| 4:01 | Create | Villager (Male) |
| 4:33 | Create | Villager (Male) |
| 4:41 | Create | Villager (Male) |
| 4:41 | Create | Villager (Male) |
| 5:10 | Create | Villager (Male) |
| 5:24 | Build | Barracks |
| 5:25 | Create | Villager (Male) |
| 5:37 | Research | Loom |
| 6:35 | Build | Palisade Gate |
| 6:43 | Research | Feudal Age |
| 6:43 | Research | Feudal Age |
| 7:07 | Build | Palisade Wall |
| 7:08 | Build | Palisade Wall |
| 7:09 | Build | Palisade Wall |
| 7:11 | Build | Palisade Wall |
| 7:13 | Build | Palisade Wall |
| 7:16 | Build | Palisade Wall |
| 7:20 | Create | Villager (Male) |
| 7:26 | Create | Unit 2550 |
| 7:26 | Create | Unit 2550 |
| 7:26 | Create | Unit 2550 |
| 7:37 | Build | House |
| 7:45 | Build | Palisade Wall |
| 7:49 | Build | Palisade Wall |
| 7:50 | Build | Palisade Wall |
| 7:51 | Build | Palisade Wall |
| 8:07 | Create | Villager (Male) |
| 8:53 | Age | Feudal Age |
| 8:56 | Build | Settlement |
| 9:05 | Research | Tech 1402 |
| 9:10 | Create | Villager (Male) |
| 9:12 | Build | House |
| 9:18 | Create | Villager (Male) |
| 9:21 | Research | Double-Bit Axe |
| 9:21 | Create | Villager (Male) |
| 9:28 | Create | Villager (Male) |
| 9:50 | Build | House |
| 9:52 | Build | Palisade Wall |
| 10:03 | Create | Villager (Male) |
| 10:09 | Build | Palisade Wall |
| 10:11 | Build | Palisade Wall |
| 10:12 | Build | Palisade Wall |
| 10:13 | Build | Palisade Wall |
| 10:20 | Create | Villager (Male) |
| 10:33 | Create | Villager (Male) |
| 10:48 | Build | Farm |
| 10:51 | Research | Horse Collar |
| 10:56 | Build | Farm |
| 11:10 | Create | Villager (Male) |
| 11:10 | Create | Villager (Male) |
| 11:20 | Build | House |
| 11:31 | Build | Farm |
| 11:35 | Create | Villager (Male) |
| 11:35 | Create | Villager (Male) |
| 11:35 | Create | Villager (Male) |
| 11:36 | Build | House |
| 11:43 | Build | Palisade Wall |
| 11:53 | Build | Farm |
| 11:53 | Build | Farm |
| 11:55 | Create | Villager (Male) |
| 12:10 | Build | Farm |
| 12:15 | Build | Palisade Wall |
| 12:18 | Create | Unit 2550 |
| 12:24 | Create | Villager (Male) |
| 12:25 | Create | Villager (Male) |
| 12:36 | Build | House |
| 12:40 | Build | Farm |
| 12:47 | Create | Villager (Male) |
| 12:47 | Create | Villager (Male) |
| 13:03 | Build | House |
| 13:07 | Create | Villager (Male) |
| 13:08 | Create | Villager (Male) |
| 13:12 | Create | Unit 2550 |
| 13:12 | Create | Villager (Male) |
| 13:12 | Create | Villager (Male) |
| 13:13 | Create | Villager (Male) |
| 13:18 | Build | Palisade Wall |
| 13:25 | Build | Farm |
| 13:27 | Build | Farm |
| 13:32 | Create | Villager (Male) |
| 13:38 | Create | Villager (Male) |
| 13:44 | Build | Palisade Wall |
| 13:53 | Build | Farm |
| 13:56 | Build | Palisade Wall |
| 13:56 | Create | Villager (Male) |
| 14:04 | Create | Villager (Male) |
| 14:06 | Create | Unit 2550 |
| 14:13 | Build | Farm |
| 14:17 | Create | Villager (Male) |
| 14:21 | Create | Villager (Male) |
| 14:25 | Create | Villager (Male) |
| 14:31 | Build | Farm |
| 14:33 | Build | Palisade Wall |
| 14:37 | Create | Villager (Male) |
| 14:41 | Build | Palisade Wall |
| 14:54 | Build | Palisade Wall |
| 14:57 | Build | Farm |
| 14:58 | Create | Villager (Male) |
| 15:01 | Create | Unit 2550 |
| 15:02 | Create | Villager (Male) |
| 15:08 | Build | House |
| 15:09 | Create | Villager (Male) |
| 15:14 | Build | Farm |
| 15:19 | Build | Palisade Wall |
| 15:21 | Build | Palisade Wall |
| 15:32 | Create | Villager (Male) |
| 15:35 | Create | Villager (Male) |
| 15:44 | Create | Villager (Male) |
| 15:47 | Create | Unit 2550 |
| 15:47 | Create | Unit 2550 |
| 15:52 | Build | House |
| 15:53 | Create | Villager (Male) |
| 15:57 | Build | Blacksmith |
| 15:59 | Create | Villager (Male) |
| 16:03 | Create | Villager (Male) |
| 16:14 | Build | Farm |
| 16:18 | Create | Villager (Male) |
| 16:26 | Create | Villager (Male) |
| 16:28 | Create | Unit 2550 |
| 16:29 | Create | Villager (Male) |
| 16:38 | Build | Palisade Wall |
| 16:45 | Research | Scale Mail Armor |
| 16:45 | Research | Scale Mail Armor |
| 16:54 | Create | Villager (Male) |
| 16:58 | Research | Scale Mail Armor |
| 17:02 | Build | Archery Range |
| 17:05 | Build | House |
| 17:09 | Create | Unit 2550 |
| 17:10 | Create | Villager (Male) |
| 17:10 | Create | Villager (Male) |
| 17:11 | Create | Villager (Male) |
Match timeline
| 3:01 | ARC.Lighty · first_building Barracks |
| 4:57 | ARC.Lighty · wall_segment Palisade Wall x4 |
| 5:24 | LE | WilliamS · first_building Barracks |
| 7:07 | LE | WilliamS · wall_segment Palisade Wall x1 |
| 7:08 | LE | WilliamS · wall_segment Palisade Wall x1 |
| 7:09 | LE | WilliamS · wall_segment Palisade Wall x1 |
| 7:11 | LE | WilliamS · wall_segment Palisade Wall x1 |
| 7:13 | LE | WilliamS · wall_segment Palisade Wall x1 |
| 7:16 | LE | WilliamS · wall_segment Palisade Wall x1 |
| 7:45 | LE | WilliamS · wall_segment Palisade Wall x1 |
| 7:49 | LE | WilliamS · wall_segment Palisade Wall x1 |
| 7:50 | LE | WilliamS · wall_segment Palisade Wall x1 |
| 7:51 | LE | WilliamS · wall_segment Palisade Wall x3 |
| 8:53 | LE | WilliamS · age_up feudal |
| 9:52 | LE | WilliamS · wall_segment Palisade Wall x8 |
| 10:09 | LE | WilliamS · wall_segment Palisade Wall x1 |
| 10:11 | LE | WilliamS · wall_segment Palisade Wall x1 |
| 10:12 | LE | WilliamS · wall_segment Palisade Wall x1 |
| 10:13 | LE | WilliamS · wall_segment Palisade Wall x1 |
| 10:34 | ARC.Lighty · age_up feudal |
| 10:37 | ARC.Lighty · wall_segment Palisade Wall x1 |
| 10:48 | ARC.Lighty · first_building Archery Range |
| 11:43 | LE | WilliamS · wall_segment Palisade Wall x6 |
| 12:15 | LE | WilliamS · wall_segment Palisade Wall x4 |
| 12:26 | ARC.Lighty · wall_segment Palisade Wall x6 |
| 12:39 | ARC.Lighty · wall_segment Palisade Wall x1 |
| 13:18 | LE | WilliamS · wall_segment Palisade Wall x4 |
| 13:44 | LE | WilliamS · wall_segment Palisade Wall x4 |
| 13:56 | LE | WilliamS · wall_segment Palisade Wall x6 |
| 14:10 | ARC.Lighty · wall_segment Palisade Wall x1 |
| 14:33 | LE | WilliamS · wall_segment Palisade Wall x4 |
| 14:38 | ARC.Lighty · wall_segment Palisade Wall x6 |
| 14:40 | ARC.Lighty · wall_segment Palisade Wall x6 |
| 14:41 | LE | WilliamS · wall_segment Palisade Wall x1 |
| 14:54 | LE | WilliamS · wall_segment Palisade Wall x6 |
| 15:19 | LE | WilliamS · wall_segment Palisade Wall x7 |
| 15:21 | LE | WilliamS · wall_segment Palisade Wall x1 |
| 16:38 | LE | WilliamS · wall_segment Palisade Wall x1 |
| 17:02 | LE | WilliamS · first_building Archery Range |
| 18:52 | ARC.Lighty · first_market_sell 500 wood |
| 18:54 | ARC.Lighty · first_market_buy 100 food |
| 21:05 | LE | WilliamS · age_up castle |
| 21:08 | LE | WilliamS · first_building Monastery |
| 21:55 | LE | WilliamS · wall_segment Palisade Wall x1 |
| 22:01 | ARC.Lighty · age_up castle |
| 23:14 | LE | WilliamS · first_building Siege Workshop |
| 23:18 | LE | WilliamS · wall_segment Palisade Wall x1 |
| 23:19 | LE | WilliamS · wall_segment Palisade Wall x1 |
| 23:36 | LE | WilliamS · wall_segment Palisade Wall x1 |
| 25:17 | LE | WilliamS · wall_segment Palisade Wall x1 |
| 25:29 | ARC.Lighty · first_building Monastery |
| 26:05 | ARC.Lighty · first_building Siege Workshop |
| 29:21 | ARC.Lighty · first_building Stable |
| 31:09 | LE | WilliamS · first_building Castle |
| 33:03 | LE | WilliamS · wall_segment Stone Wall x1 |
| 34:32 | LE | WilliamS · first_market_buy 500 food |
| 34:45 | ARC.Lighty · first_building Castle |
| 37:57 | LE | WilliamS · age_up imperial |
| 38:08 | LE | WilliamS · first_market_sell 100 wood |
| 38:43 | LE | WilliamS · wall_segment Stone Wall x1 |
| 39:10 | LE | WilliamS · wall_segment Stone Wall x1 |
| 39:13 | LE | WilliamS · wall_segment Stone Wall x1 |
| 39:14 | LE | WilliamS · wall_segment Stone Wall x1 |
| 39:18 | ARC.Lighty · age_up imperial |
| 41:03 | LE | WilliamS · wall_segment Stone Wall x2 |
| 43:05 | ARC.Lighty · wall_segment Stone Wall x6 |
| 47:23 | ARC.Lighty · resign |
[ AI ANALYSIS · 1 CREDIT ]
What really happened in this match?
Wolo.gg analyzes every decision: build order, eco, micro, common mistakes by bracket. Personalized analysis on WhatsApp or Discord in 30 seconds.
Civ guide
Georgians
Perfil
Lighty